 Dungeon Crawl Stone Soup version 0.21-a0-509-gecc5317 (webtiles) character file.

179 BingusPrime the Insei (level 5, -2/33 HPs)
             Began as an Octopode Transmuter on Nov 29, 2017.
             Slain by a centaur skeleton (5 damage)
             ... on level 4 of the Dungeon.
             The game lasted 00:13:30 (2939 turns).

BingusPrime the Insei (Octopode Transmuter)         Turns: 2939, Time: 00:13:30

Health: -2/33      AC:  2    Str:  9    XL:     5   Next: 59%
Magic:  4/9        EV: 20    Int: 15    God:    Xom [.*....]
Gold:   98         SH:  0    Dex: 19    Spells: 3/9 levels left

rFire    + . .     SeeInvis .     - Unarmed
rCold    . . .     Gourm    .   (shield currently unavailable)
rNeg     . . .     Faith    .   (helmet currently unavailable)
rPois    x         Spirit   .   (no amulet)
rElec    .         Reflect  .   o - ring of protection from fire
rCorr    .         Harm     .   (no ring)
MR       .....                  (no ring)
Stlth    ++........             (no ring)
HPRegen  0.11/turn              (no ring)
MPRegen  0.11/turn              (no ring)
                                (no ring)
                                (no ring)

@: spider-form (expiring), very slightly contaminated
A: tiny, almost no armour, stealthy swim, (amphibious), 8 rings, (constrict 8),
wild magic 1
a: End Transformation, Renounce Religion


You were on level 4 of the Dungeon.
You worshipped Xom.
You were a plaything of Xom.
You were very hungry.
You were a venomous arachnid creature.
You visited 1 branch of the dungeon, and saw 4 of its levels.

You collected 98 gold pieces.

Inventory:

Hand Weapons
 d - a +0 whip
 i - a +0 short sword
 s - a +0 rapier
 w - a +0 dagger (melded)
Missiles
 a - 53 arrows
Jewellery
 o - a ring of protection from fire (left front leg)
 r - a cursed ring of loudness {unknown}
Scrolls
 e - 3 scrolls of enchant armour {unknown}
 l - 2 scrolls of enchant weapon
 q - 2 scrolls of magic mapping {unknown}
 t - 2 scrolls of amnesia {unknown}
 u - a scroll of identify
 v - a scroll of remove curse
Potions
 f - a potion of heal wounds {unknown}
 h - a potion of invisibility
 j - a potion of flight
 k - a potion of agility
 m - 2 potions of curing {unknown}
 n - a potion of degeneration {unknown}
 x - a potion of mutation {unknown}
Books
 b - a book of Changes

   Spells                             Type                      Level
   a - Beastly Appendage              Transmutation                1
   b - Sticks to Snakes               Transmutation                2
   c - Spider Form                    Transmutation/Poison         3
   d - Ice Form                       Ice/Transmutation            4
   e - Blade Hands                    Transmutation                5
Comestibles
 c - 3 bread rations
 g - 2 royal jellies
 p - 4 fruits


   Skills:
 + Level 1.2 Fighting
 + Level 1.1 Short Blades
 + Level 2.4 Dodging
 + Level 2.2 Stealth
 + Level 3.8 Unarmed Combat
 + Level 2.9 Spellcasting
 + Level 3.0 Transmutations
 + Level 1.1 Poison Magic


You had 3 spell levels left.
You knew the following spells:

 Your Spells              Type           Power        Failure   Level  Hunger
a - Beastly Appendage     Tmut           ##....       24%         1    #......
b - Spider Form           Tmut/Pois      ##........   56%         3    ###....
c - Sticks to Snakes      Tmut           ##......     30%         2    ##.....


Dungeon Overview and Level Annotations

Branches:
Dungeon (4/15)
 Temple: D:4-7

Altars:
Elyvilon
Xom
Zin


Innate Abilities, Weirdness & Mutations

You cannot wear most types of armour.
You are very stealthy in the water. (Stealth+)
((You are amphibious.))
You can wear up to eight rings at the same time.
((You can use your tentacles to constrict eight enemies at once.))
((Your skin changes colour to match your surroundings (Stealth+).))
((Your rubbery body absorbs attacks. (AC +1, EV +1)))
((One of your tentacles bears a spike.))
((You are partially covered in slimy green scales. (AC +2)))
Your spells are a little harder to cast, but a little more powerful.


Message History

The worm completely misses you. The centaur skeleton hits you.
* * * LOW HITPOINT WARNING * * *
You hit the centaur skeleton.
The centaur skeleton is severely damaged.
The centaur skeleton completely misses you.
The centaur skeleton hits you.
* * * LOW HITPOINT WARNING * * *
You open the door.
Your transformation is almost over.
The centaur skeleton misses you. The worm completely misses you.
The centaur skeleton closely misses you.
You hit the centaur skeleton.
The centaur skeleton is severely damaged.
The centaur skeleton closely misses you.
There is an open door here.
You hit the centaur skeleton.
The centaur skeleton is almost destroyed.
The centaur skeleton hits you.
You die...

#+## #...##
##.....## #
##.......#
#...####......w..
.......sZ........
#...####w........
# ##<......#
##.....## #...##
#+##


You could see a worm, a dart slug (sleeping) and a centaur skeleton.

Vanquished Creatures
  A howler monkey (D:3)
  An orc wizard (D:3)
  4 adders
  2 oozes (D:1)
  A worm (D:2)
  3 dart slugs (D:2)
  A leopard gecko (D:2)
  3 orcs (D:3)
  5 giant cockroaches
  6 goblins
  5 hobgoblins
  8 kobolds
  A ball python (D:1)
  8 bats
  6 frilled lizards
  4 rats
59 creatures vanquished.

Vanquished Creatures (collateral kills)
  2 orcs (D:3)
2 creatures vanquished.

Grand Total: 61 creatures vanquished

Notes
Turn   | Place    | Note
-------+----------+-------------------------------------------
     0 | D:1      | BingusPrime the Octopode Transmuter began the quest for the Orb.
     0 | D:1      | Reached XP level 1. HP: 13/13 MP: 3/3
    38 | D:1      | Reached XP level 2. HP: 15/18 MP: 3/5
   607 | D:1      | Reached XP level 3. HP: 18/23 MP: 6/6
   612 | D:1      | Learned a level 3 spell: Spider Form
  1178 | D:2      | Reached skill level 1 in Stealth
  1424 | D:2      | Reached XP level 4. HP: 21/28 MP: 3/8
  1483 | D:2      | Found a shimmering altar of Xom.
  1491 | D:2      | Became a worshipper of Xom of Chaos
  1611 | D:2      | XOM: silly message
  1799 | D:2      | XOM: silly message
  2196 | D:3      | XOM: summons 4 friendly demons
  2202 | D:3      | Reached skill level 1 in Poison Magic
  2202 | D:3      | Reached XP level 5. HP: 28/33 MP: 6/9
  2206 | D:3      | Learned a level 2 spell: Sticks to Snakes
  2212 | D:3      | Found a glowing silver altar of Zin.
  2266 | D:3      | Found a white marble altar of Elyvilon.
  2281 | D:3      | XOM: give mutations
  2281 | D:3      | Gained mutation: You are partially covered in slimy green scales. (AC +2) [Xom's grace]
  2281 | D:3      | Gained mutation: Your spells are a little harder to cast, but a little more powerful. [Xom's grace]
  2281 | D:3      | Gained mutation: One of your tentacles bears a spike. [Xom's grace]
  2362 | D:3      | XOM: cast spell 'Discord'
  2375 | D:3      | XOM: butterfly on damage
  2392 | D:3      | Reached skill level 1 in Short Blades
  2925 | D:4      | XOM is BORED!
  2925 | D:4      | XOM: 5-stop teleportation journey
  2939 | D:4      | Slain by a centaur skeleton

Vault maps used:
D:1:      lightli_arrival_statue_moat
D:2:      lemuel_coloured_pillars_altar, first_bread, dk_vineyard_3
D:3:      lemuel_crystal_altar, lemuel_doored_altar, lemuel_flame_loot_1

Skill      XL: |  1  2  3  4  5 |
---------------+----------------+-----
Stealth        | 1 2 |  2.2
Poison Magic   | 1 |  1.1
Short Blades   | 1 |  1.1
Transmutations | 3 |  3.0
Fighting       | |  1.2
Dodging        | |  2.4
Unarmed Combat | |  3.8
Spellcasting   | |  2.9

Action                   |  1- 3 |  4- 6 || total
-------------------------+-------+-------++-------
Melee: Unarmed           |    24 |    38 ||    62
       Whip              |    15 |       ||    15
       Tentacles         |    14 |     4 ||    18
       Constrict         |    16 |     8 ||    24
       Kick              |     8 |    12 ||    20
       Short sword       |    38 |    12 ||    50
       Punch             |     1 |     3 ||     4
       Rapier            |       |     6 ||     6
       Dagger            |       |    10 ||    10
 Cast: Beastly Appendage |    16 |     5 ||    21
       Spider Form       |     6 |    11 ||    17
  Use: Scroll            |     5 |       ||     5
 Stab: Sleeping          |     7 |     5 ||    12
       Distracted        |     1 |       ||     1
  Eat: Chunk             |     2 |     6 ||     8
Armor: Skin              |    11 |     3 ||    14
Dodge: Dodged            |    62 |    58 ||   120

Table legend:
 A = Spawn XP
 B = Non-spawn XP
 C = Spawn XP percentage of total XP
 D = Spawn monster count
 E = Non-spawn monster count
 F = Spawn count percentage of total count
 G = Total turns spent on level
                    A         B        C        D         E        F      G
               +---------+---------+-------+---------+---------+-------+---------
         Total |       0 |     257 |   0.0 |       0 |      61 |   0.0 |  2939
               +---------+---------+-------+---------+---------+-------+---------
           D:1 |       0 |      51 |   0.0 |       0 |      25 |   0.0 |  1118
           D:2 |       0 |      62 |   0.0 |       0 |      18 |   0.0 |   840
           D:3 |       0 |     142 |   0.0 |       0 |      16 |   0.0 |   904
           D:4 |       0 |       2 |   0.0 |       0 |       2 |   0.0 |    77
               +---------+---------+-------+---------+---------+-------+---------
